 Dungeon Crawl Stone Soup version 0.22-a0-348-gd16d139 (webtiles) character file.

2 Amnesiac the Magician (level 1, 0/9 HPs)
             Began as a Spriggan Wizard on Apr 11, 2018.
             Slain by a ball python (1 damage)
             ... on level 3 of the Dungeon.
             The game lasted 00:03:37 (479 turns).

Amnesiac the Magician (Spriggan Wizard)              Turns: 479, Time: 00:03:38

Health: 0/9        AC:  2    Str:  3    XL:     1   Next: 33%
Magic:  6/6        EV: 15    Int: 22    God:
Gold:   38         SH:  0    Dex: 18    Spells: 7/8 levels left

rFire    . . .     SeeInvis +   g - +3 rapier "Orb Guardian's Doom" {freeze, Int+3 Dex+4 Stlth+} (curse)
rCold    . . .     Gourm    .   (shield restricted)
rNeg     . . .     Faith    .   a - +0 robe
rPois    .         Spirit   .   b - +0 hat
rElec    .         Reflect  .   (no cloak)
rCorr    .         Harm     .   (gloves unavailable)
MR       .....                  (boots unavailable)
Stlth    +++.......             (no amulet)
HPRegen  0.03/turn              (no ring)
MPRegen  0.10/turn              (no ring)

@: constricted, very quick
A: very small, unfitting armour, see invisible, herbivore, speed 3, slow
metabolism 2
a: no special abilities


You were on level 3 of the Dungeon.
You were not hungry.

You visited 2 branches of the dungeon, and saw 5 of its levels.

You collected 38 gold pieces.

Inventory:

Hand Weapons
 g - the cursed +3 rapier "Orb Guardian's Doom" (weapon) {freeze, Int+3 Dex+4 Stlth+}
   (You found it on level 4 of the Dungeon)

   It has been specially enchanted to freeze those struck by it, causing extra
   injury to most foes and up to half again as much damage against particularly
   susceptible opponents.
   It can also slow down cold-blooded creatures.
   It affects your intelligence (+3).
   It affects your dexterity (+4).
   It makes you more stealthy.
   It has a curse placed upon it.
Missiles
 j - a stone (quivered)
Armour
 a - a +0 robe (worn)
 b - a +0 hat (worn)
 e - a +1 cloak
Scrolls
 c - a scroll of remove curse {!r}
 h - a scroll of enchant weapon {!r}
Potions
 f - a potion of heal wounds {!q}
 i - a potion of agility {!q, unknown}
 k - a potion of ambrosia {!q, unknown}
Comestibles
 d - 2 rations


   Skills:
 + Level 3.0 Dodging
 - Level 3.0 Stealth
 - Level 4.0 Spellcasting
 - Level 1.0 Conjurations
   Level 0.7 Summonings
   Level 1.5 Translocations


You had 7 spell levels left.
You knew the following spells:

 Your Spells              Type           Power        Failure   Level  Hunger
a - Magic Dart            Conj           #...         8%          1    None


Dungeon Overview and Level Annotations

Branches:
Dungeon (4/15)             Temple (1/1) D:4

Altars:
Ashenzari
Cheibriados
Elyvilon
Fedhas
Gozag
Hepliaklqana
Makhleb
Okawaru
Qazlal
Ru
Sif Muna
Trog
Uskayaw
Vehumet
Wu Jian
Yredelemnul
Zin
The Shining One

Shops:
D:4 !

Annotations:
D:2 Terence


Innate Abilities, Weirdness & Mutations

You are very small and have problems with some larger weapons.
You are too small for most types of armour.
You have supernaturally acute eyesight. (SInv)
You are a herbivore.
You cover ground extremely quickly.
You need to consume almost no food.


Message History

The orc closely misses you.
The orc wizard hits you but does no damage.
There is a fountain of clear blue water here.
Really read
c - 2 scrolls labeled NOZXEG PADIL {!r}?
As you read the scroll labeled NOZXEG PADIL {!r}, it crumbles to dust.
You feel blessed for a moment.
It was a scroll of remove curse {!r}.
The phantom blinks!
Really read
g - a scroll labeled WOBUHI ZIAH {!r}?
As you read the scroll labeled WOBUHI ZIAH {!r}, it crumbles to dust.
You feel strangely unstable.
It was a scroll of teleportation {!r}.
There is a dry fountain here.
Really read
j - a scroll labeled HYAHUL NAPH {!r}?
As you read the scroll labeled HYAHUL NAPH {!r}, it crumbles to dust.
It is a scroll of enchant armour.
Your cloak glows green for a moment.
Your surroundings suddenly seem different.
Found a runed halberd, a smoking rapier and a ring mail.
Found an escape hatch in the ceiling.
Found a stone staircase leading down.
A frilled lizard, an adder and an orc wizard come into view.
Found a silvery potion.
You see here a smoking rapier.
g - a smoking rapier
Found Umerhyer's Distillery.
Found a stone staircase leading up.
A worker ant comes into view.
You see here a silvery potion {!q}.
f - 2 silvery potions {!q} (gained 1)
The adder completely misses you.
There is a stone staircase leading up here.
You climb upwards.
The kobold shouts!
An adder, a quokka and an orc wizard come into view.
The orc wizard is wielding a dagger of draining.
The orc wizard moves out of view.
The kobold throws a stone.
The stone closely misses you.
Found a stone, a silvery potion and 10 gold pieces.
Found a stone staircase leading up.
There is a stone staircase leading down here.
The kobold throws a stone.
The stone closely misses you.
The kobold throws a stone.
The stone closely misses you.
Wield which item (- for none, * to show all)? (? for menu, Esc to quit)
You feel clever.
You feel agile.
The cursed +3 rapier "Orb Guardian's Doom" {freeze, Int+3 Dex+4 Stlth+} glows with a cold blue light!
It sticks to your hand!
g - the cursed +3 rapier "Orb Guardian's Doom" (weapon)
{freeze, Int+3 Dex+4 Stlth+} The adder hisses angrily.
There are no items here.
Unknown command.
Okay, then.
Really quaff
f - 2 silvery potions {!q}?
It was a potion of heal wounds {!q}.
You feel much better.
You see here a stone.
j - a stone The quokka misses you.
The leopard gecko completely misses you.
The gnoll shouts! x2; You hear an angry hiss.
The gnoll closely misses you. The bat hits you but does no damage.
The gnoll hits you. The bat hits you.
* * * LOW HITPOINT WARNING * * *
The gnoll hits you with a halberd.
* * * LOW HITPOINT WARNING * * *
The ball python bites you but does no damage.
The ball python grabs you.
You die...

##(.......####.##.
##.##...#.#.#..#.
#.<....KS........
........##r......#
........##l##....#
#..............#.######
#.#......#..##>..##...####
........w####..##......#
..##.......b@#...##..._..#
#.#........ggS....r..._8_.#
....##..<..........##.._..####
..........g.........#...(.....
..#...............#.#####.....
....###.............#####.....
..# ##.####................. .
###.# #..#.######....... #...#
###..........#.....


You could see a worm, 3 gnolls, a bat, a ball python and a rat.

Vanquished Creatures
  A bat (D:2)
  A kobold (D:3)
  2 rats (D:2)
4 creatures vanquished.

Notes
Turn   | Place    | Note
-------+----------+-------------------------------------------
     0 | D:1      | Amnesiac the Spriggan Wizard began the quest for the Orb.
     0 | D:1      | Reached XP level 1. HP: 9/9 MP: 6/6
    80 | D:2      | Noticed Terence
   182 | D:3      | Found a bloodstained altar of Trog.
   182 | D:3      | Found a white marble altar of Elyvilon.
   182 | D:3      | Found a radiant altar of Vehumet.
   182 | D:3      | Found a blossoming altar of Fedhas.
   185 | D:3      | Found a stormy altar of Qazlal.
   211 | D:3      | Reached skill level 1 in Conjurations
   252 | D:4      | Found a glowing silver altar of Zin.
   364 | D:4      | Noticed an iguana
   364 | D:4      | Noticed an orc wizard
   364 | D:4      | Noticed a phantom
   366 | D:4      | Noticed an orc wizard
   367 | D:4      | Found a staircase to the Ecumenical Temple.
   372 | Temple   | Entered the Ecumenical Temple
   450 | D:4      | Noticed an orc wizard
   452 | D:4      | Got a smoking rapier
   455 | D:4      | Found Umerhyer's Distillery.
   457 | D:4      | Noticed a worker ant
   463 | D:3      | Noticed an orc wizard
   467 | D:3      | Identified the cursed +3 rapier "Orb Guardian's Doom" {freeze, Int+3 Dex+4 Stlth+} (You found it on level 4 of the Dungeon)
   479 | D:3      | Slain by a ball python

Vault maps used:
D:1:      dpeg_arrival_connections, minmay_splitting_lines
D:2:      first_ration, minmay_nonomino_d4, uniq_robin, uniq_terence
D:3:      chequers_temple_overflow_statue_of_worship,
          nicolae_qazlal_eye_of_the_storm
D:4:      lemuel_coloured_pillars_altar, minmay_temple_entry_nine_rooms,
          serial_shops, shop
Temple:   minmay_temple_bridge_abc

Skill      XL: |  1 |
---------------+----+-----
Conjurations   | 1 |  1.0
Dodging        | |  3.0
Stealth        | |  3.0
Spellcasting   | |  4.0
Summonings     | |  0.7
Translocations | |  1.5

Action                   || total
-------------------------++-------
Melee: Unarmed           ||     3
 Cast: Magic Dart        ||     6
  Use: Scroll            ||     4
       Potion            ||     1
 Stab: Sleeping          ||     1
Armor: Robe              ||     4
Dodge: Dodged            ||    25

Table legend:
 A = Spawn XP
 B = Non-spawn XP
 C = Spawn XP percentage of total XP
 D = Spawn monster count
 E = Non-spawn monster count
 F = Spawn count percentage of total count
 G = Total turns spent on level
                    A         B        C        D         E        F      G
               +---------+---------+-------+---------+---------+-------+---------
         Total |       0 |       4 |   0.0 |       0 |       4 |   0.0 |   479
               +---------+---------+-------+---------+---------+-------+---------
           D:2 |       0 |       3 |   0.0 |       0 |       3 |   0.0 |   133
           D:3 |       0 |       1 |   0.0 |       0 |       1 |   0.0 |    82
               +---------+---------+-------+---------+---------+-------+---------
